 Dungeon Crawl Stone Soup version 0.18.1-48-g4cf74bf (webtiles) character file.

3333 Wilvix the Basher (level 9, 0/77 HPs)
             Began as a Demonspawn Fighter on July 25, 2016.
             Killed from afar by an electric eel (4 damage)
             ... with a bolt of electricity
             ... on level 1 of the Lair of Beasts on July 28, 2016.
             The game lasted 00:24:57 (7542 turns).

Wilvix the Basher (Demonspawn Fighter)              Turns: 7542, Time: 00:24:57

Health: 0/77       AC: 15    Str: 20    XL:     9   Next: 71%
Magic:  9/9        EV:  5    Int:  9    God:
Gold:   454        SH:  9    Dex: 13    Spells: 0 memorised, 8 levels left

rFire  . . .     SeeInvis .     E - +1 mace (crush)
rCold  . . .     Gourm    .     P - +0 plate armour
rNeg   . . .     Faith    .     c - +0 shield
rPois  .         Spirit   .     (no helmet)
rElec  .         Dismiss  .     (no cloak)
rCorr  .         Reflect  .     (no gloves)
SustAt .         Harm     .     o - +0 pair of boots
MR     .....                    (no amulet)
Stlth  ..........               D - ring of stealth
                                S - ring of loudness (curse)

@: lethally poisoned (0 -> -24), starving, slowed, very slow, not resistant to
hostile enchantments, extremely unstealthy
A: rugged brown scales 2, nightstalker 1, spiny 1
a: no special abilities


You were on level 1 of the Lair of Beasts.
You were starving.

You visited 3 branches of the dungeon, and saw 12 of its levels.

You collected 454 gold pieces.

Inventory:

Hand Weapons
 a - a +0 flail
 A - a +0 morningstar
 E - a +1 mace of crushing (weapon)
Armour
 b - a +0 scale mail
 c - a +0 shield (worn)
 o - a +0 pair of boots (worn)
 P - a +0 plate armour (worn)
Jewellery
 m - an uncursed ring of magical power
 y - an uncursed ring of flight
 D - a ring of stealth (right hand)
 S - a cursed ring of loudness (left hand)
Wands
 j - a wand of enslavement (14/24)
 t - a wand of disintegration (4/24)
 v - a wand of disintegration (20/24)
 G - a wand of teleportation (3/9)
 J - a wand of acid (8/15)
 M - a wand of lightning (8/15)
 R - a wand of flame (18/48)
Scrolls
 g - 4 scrolls of amnesia {unknown}
 q - 3 scrolls of noise {unknown}
 r - a scroll of immolation {unknown}
 u - 2 scrolls of fog
 H - a scroll of blinking {unknown}
 K - 2 scrolls of remove curse
 L - 4 scrolls of identify
 N - a scroll of magic mapping {unknown}
Potions
 d - 2 potions of might
 e - a potion of brilliance {unknown}
 h - 2 potions of degeneration {unknown}
 k - a potion of invisibility {unknown}
 n - 5 potions of heal wounds {unknown}
 p - a potion of haste {unknown}
 s - a potion of beneficial mutation {unknown}
 w - a potion of resistance {unknown}
 x - 5 potions of cure mutation {unknown}
 z - a potion of lignification {unknown}
 B - a potion of ambrosia {unknown}
 F - a potion of cancellation {unknown}
 I - a potion of agility {unknown}
 O - a potion of curing {unknown}
 T - a potion of mutation {unknown}
Books
 Q - a Grand Grimoire

   Spells                             Type                      Level
   a - Monstrous Menagerie            Summoning                    7
   b - Summon Greater Demon           Summoning                    7
   c - Malign Gateway                 Summoning/Translocation      7
   d - Summon Horrible Things         Summoning                    8
Miscellaneous
 i - a plain deck of wonders
Comestibles
 f - 5 bread rations
 l - 5 meat rations
 C - a beef jerky


   Skills:
 + Level 7.9 Fighting
 * Level 9.3 Maces & Flails
 - Level 4.0 Armour
 - Level 3.3 Dodging
 - Level 1.0 Stealth
 - Level 4.1 Shields


You had 8 spell levels left.
You didn't know any spells.

Dungeon Overview and Level Annotations

Branches:
Dungeon (10/15)            Temple (1/1) D:4            Lair (1/8) D:9
    Orc (0/2) D:9

Altars:
Ashenzari
Cheibriados
Dithmenos
Elyvilon
Fedhas
Kikubaaqudgha
Makhleb
Nemelex Xobeh
Pakellas
Qazlal
Ru
Trog
Vehumet
Xom
Yredelemnul
Zin

Shops:
D:4 (

Annotations:
D:3 Robin
Lair:1 Fannar, Sonja


Innate Abilities, Weirdness & Mutations

You are mostly covered in rugged brown scales (AC +2, +5% HP).
You are slightly more attuned to the shadows.
You are partially covered in sharp spines.


Message History

Welcome back, Wilvix the Demonspawn Fighter.
Press ? for a list of commands and other information.
Unknown command.
* * * LOW HITPOINT WARNING * * *
You feel very sick.
Sonja casts a spell.
Sonja blinks!
The electric eel shoots out a bolt of lightning at you!
The bolt of electricity hits you!
* * * LOW HITPOINT WARNING * * *
The iguana bites you.
* * * LOW HITPOINT WARNING * * *
The crocodile barely misses you.
An iguana comes into view.
Unknown command.
* * * LOW HITPOINT WARNING * * *
You feel very sick.
The electric eel shoots out a bolt of lightning at you!
The bolt of electricity hits you!
You die...

..........♣..#
.............#
#............
#..........#
##...#......
##....l≈....#
.#.≈.@.t≈≈....
..≈≈≈≈e(;≈≈≈...
..≈≈≈≈≈≈≈≈≈≈.§.
.l≈≈≈≈≈≈≈≈≈≈...
...≈≈≈≈≈≈≈≈....
...≈≈≈≈≈≈≈≈..#.
..#..≈≈≈......
##..........


You could see Fannar, a crocodile, 2 iguanas and an electric eel.

Vanquished Creatures
  A troll (D:9)
  A two-headed ogre (D:7)
  2 hippogriffs
  Menkaure (D:5)
  2 orc warriors
  A phantom (D:6)
  3 sky beasts
  2 ogres
  2 centaurs
  2 giant frogs
  A wyvern skeleton (D:8)
  2 scorpions
  2 water moccasin skeletons
  6 killer bees (D:8)
  3 crimson imps
  4 jellies
  3 hounds
  A giant frog zombie (D:5)
  An orc priest (D:7)
  5 orc wizards
  Crazy Yiuf (D:5)
  5 iguanas
  4 worker ants
  A killer bee zombie (D:7)
  2 hound zombies
  A hound skeleton (D:6)
  5 adders
  A shadow imp (D:9)
  An ooze (D:4)
  2 worms
  6 giant geckos
  33 orcs
  2 ball pythons (D:2)
  7 bats
  4 giant cockroaches
  12 goblins
  11 hobgoblins
  4 jackals (D:2)
  A quokka (D:6)
  A giant cockroach zombie (D:6)
  6 giant newts
  6 kobolds
  6 rats
167 creatures vanquished.

Notes
Turn   | Place    | Note
--------------------------------------------------------------
     0 | D:1      | Wilvix the Demonspawn Fighter began the quest for the Orb.
     0 | D:1      | Reached XP level 1. HP: 18/18 MP: 1/1
   281 | D:1      | Reached skill level 2 in Maces & Flails
   365 | D:1      | Found a sparkling altar of Nemelex Xobeh.
   482 | D:1      | Gained mutation: You are partially covered in sharp spines. [demonic ancestry]
   482 | D:1      | Reached XP level 2. HP: 11/24 MP: 2/2
   957 | D:2      | Reached XP level 3. HP: 29/29 MP: 3/3
  1363 | D:2      | Reached skill level 1 in Dodging
  1926 | D:3      | Noticed Robin
  1931 | D:3      | Reached XP level 4. HP: 32/35 MP: 4/4
  2342 | D:4      | Gained mutation: You are partially covered in rugged brown scales (AC +1, +3% HP). [demonic ancestry]
  2342 | D:4      | Reached XP level 5. HP: 29/42 MP: 5/5
  2403 | D:4      | Found Ycienien's Weapon Shoppe.
  2808 | D:4      | Found a staircase to the Ecumenical Temple.
  2911 | Temple   | Entered the Ecumenical Temple
  3043 | D:5      | Entered Level 5 of the Dungeon
  3085 | D:5      | Noticed an ogre
  3093 | D:5      | Killed an ogre
  3093 | D:5      | Reached XP level 6. HP: 36/49 MP: 6/6
  3280 | D:5      | Noticed Menkaure
  3287 | D:5      | Killed Menkaure
  3287 | D:5      | Reached skill level 1 in Stealth
  3516 | D:4      | Reached skill level 3 in Maces & Flails
  3601 | D:5      | Gained mutation: You are slightly more attuned to the shadows. [demonic ancestry]
  3601 | D:5      | Reached XP level 7. HP: 42/56 MP: 7/7
  3755 | D:5      | Noticed Crazy Yiuf
  3760 | D:5      | Killed Crazy Yiuf
  3880 | D:5      | Found a shadowy altar of Dithmenos.
  3938 | D:5      | Found an oddly glowing altar of Pakellas.
  3938 | D:5      | Noticed an eight-headed hydra
  3990 | D:6      | Reached skill level 4 in Maces & Flails
  4068 | D:6      | Noticed a hippogriff
  4078 | D:6      | Reached skill level 5 in Fighting
  4079 | D:6      | Killed a hippogriff
  4100 | D:6      | Gained mutation: You are mostly covered in rugged brown scales (AC +2, +5% HP). [demonic ancestry]
  4100 | D:6      | Reached XP level 8. HP: 24/65 MP: 8/8
  4350 | D:6      | Reached skill level 5 in Maces & Flails
  5441 | D:7      | Reached skill level 6 in Maces & Flails
  5630 | D:7      | Noticed a two-headed ogre
  5634 | D:7      | Killed a two-headed ogre
  5672 | D:7      | Reached skill level 7 in Maces & Flails
  5953 | D:7      | Reached XP level 9. HP: 58/74 MP: 9/9
  6238 | D:8      | Found a snail-covered altar of Cheibriados.
  6323 | D:8      | Reached skill level 8 in Maces & Flails
  6763 | D:8      | You fall through a shaft for 2 floors!
  6763 | D:10     | Entered Level 10 of the Dungeon
  7113 | D:9      | Found a radiant altar of Vehumet.
  7149 | D:9      | Noticed a troll
  7164 | D:9      | Killed a troll
  7164 | D:9      | Reached skill level 9 in Maces & Flails
  7492 | D:9      | Found a staircase to the Orcish Mines.
  7515 | D:9      | Found a staircase to the Lair.
  7536 | Lair:1   | Entered Level 1 of the Lair of Beasts
  7536 | Lair:1   | Noticed Sonja
  7536 | Lair:1   | Noticed Fannar
  7542 | Lair:1   | Killed from afar by an electric eel

Skill      XL: |  1  2  3  4  5  6  7  8  9 |
---------------+----------------------------+-----
Maces & Flails | 2 3 4 7 9 |  9.3
Armour         | 3 4 |  4.0
Shields        | 3 4 |  4.1
Dodging        | 1 2 3 |  3.3
Fighting       | 4 5 6 7 |  7.9
Stealth        | 1 |  1.0

Action                   |  1- 3 |  4- 6 |  7- 9 || total
-------------------------+-------+-------+-------++-------
Melee: Flail             |    93 |    70 |       ||   163
       Morningstar       |       |    27 |    21 ||    48
       Mace              |       |       |   299 ||   299
  Use: Scroll            |     3 |     1 |       ||     4
 Stab: Sleeping          |       |       |     8 ||     8
       Distracted        |       |       |     1 ||     1
  Eat: Chunk             |     3 |     4 |     8 ||    15
       Pizza             |       |     1 |     1 ||     2
       Beef jerky        |       |       |     1 ||     1
Armor: Scale mail        |    39 |    11 |    46 ||    96
       Robe              |     1 |     5 |       ||     6
       Plate armour      |       |       |    80 ||    80
Dodge: Dodged            |    28 |    32 |    72 ||   132
Block: Shield            |    55 |    56 |   159 ||   270
